 Dungeon Crawl Stone Soup version 0.27.1 (webtiles) character file.

Game seed: 4882116267661446384

5460 acemry the Severer (level 10, -8/77 HPs)
             Began as a Minotaur Fighter on Sept 4, 2021.
             Was an Elder of Okawaru.
             Mangled by a wyvern (10 damage)
             ... on level 8 of the Dungeon.
             The game lasted 00:14:39 (9747 turns).

acemry the Severer (Minotaur Fighter)               Turns: 9747, Time: 00:14:41

Health: -8/77      AC: 11    Str: 24    XL:     10   Next: 41%
Magic:  7/9        EV: 13    Int:  5    God:    Okawaru [****..]
Gold:   262        SH:  0    Dex: 10    Spells: 9/9 levels left

rFire    . . .     SeeInvis .   v - +1 battleaxe (freeze)
rCold    . . .     Faith    .   (shield currently unavailable)
rNeg     . . .     Spirit   .   b - +0 scale mail
rPois    +         Reflect  .   (helmet restricted)
rElec    +         Harm     .   r - +0 cloak
rCorr    .         Rampage  .   (no gloves)
Will     .....                  o - +0 pair of boots
Stlth    +.........             (no amulet)
HPRegen  0.22/turn              s - ring of poison resistance
MPRegen  0.11/turn              (no ring)

@: lethally poisoned (-8 -> -11), heroic
A: horns 2, retaliatory headbutt, electricity resistance
a: Renounce Religion, Heroism


You were on level 8 of the Dungeon.
You worshipped Okawaru.
Okawaru was greatly pleased with you.
You visited 2 branches of the dungeon, and saw 9 of its levels.

You collected 416 gold pieces.
You spent 154 gold pieces at shops.

Inventory:

Hand Weapons
 a - a +1 war axe of freezing
 d - a +3 flail of holy wrath
 v - a +1 battleaxe of freezing (weapon)
Missiles
 f - 2 throwing nets (quivered)
 h - 27 poisoned darts
Armour
 b - a +0 scale mail (worn)
 c - a +0 kite shield
 e - a +0 buckler
 i - a +0 cloak
 o - a +0 pair of boots (worn)
 r - a +0 cloak (worn)
Jewellery
 s - a ring of poison resistance (left hand)
Wands
 u - a wand of flame (38)
Scrolls
 g - 4 scrolls of teleportation
 n - a scroll of fear {unknown}
 t - 3 scrolls of identify
 x - a scroll of torment {unknown}
Potions
 j - 2 potions of berserk rage
 k - a potion of flight
 l - a potion of attraction
 m - a potion of might
 q - 2 potions of brilliance


   Skills:
 - Level 3.6(8.6) Fighting
 + Level 16.7(21.7) Axes
 - Level 3.6(8.6) Armour
 - Level 3.9(8.9) Dodging
 - Level 4.0(9.0) Shields


You had 9 spell levels left.
You didn't know any spells.
Your spell library contained the following spells:

 Spells                   Type           Power      Damage    Failure   Level
 Magic Dart               Conj           0%         1d3       75%         1
 Ensorcelled Hibernation  Hex/Ice        0%         N/A       86%         2
 Searing Ray              Conj           0%         3d3       86%         2
 Call Canine Familiar     Summ           0%         N/A       98%         3
 Portal Projectile        Hex/Tloc       0%         N/A       98%         3
 Spider Form              Tmut/Pois      0%         N/A       98%         3
 Animate Dead             Necr           0%         N/A       100%        4
 Fulminant Prism          Conj/Hex       0%         3d6       100%        4
 Leda's Liquefaction      Hex/Erth       0%         N/A       100%        4
 Borgnjor's Vile Clutch   Necr/Erth      0%         N/A       100%        5
 Death Channel            Necr           0%         N/A       100%        6
 Shadow Creatures         Summ           N/A        N/A       100%        6
 Chain Lightning          Conj/Air       0%         N/A       100%        9
 Fire Storm               Conj/Fire      0%         5d1       100%        9


Dungeon Overview and Level Annotations

Branches:
Dungeon (8/15)             Temple (1/1) D:4
   Lair: D:8-11

Altars:
Ashenzari
Cheibriados
Dithmenos
Fedhas
Gozag
Hepliaklqana
Kikubaaqudgha
Okawaru
Qazlal
Ru
Sif Muna
Trog
Uskayaw
Vehumet
Wu Jian
Xom
Yredelemnul
The Shining One

Shops:
D:1 *   D:4 *   D:6 [


Innate Abilities, Weirdness & Mutations

You have a pair of horns on your head.
You reflexively headbutt those who attack you in melee.
You are resistant to electric shocks. (rElec)


Message History

You feel sick. The hornet stings you! The centaur warrior hits you!
* * * LOW HITPOINT WARNING * * *
The centaur warrior completely misses you.
The gnoll sergeant hits you with a +0 spear of venom.
* * * LOW HITPOINT WARNING * * *
The hornet stings you but does no damage.
You slice the hornet!! You freeze the hornet. Your headbutt misses the hornet.
The hornet is almost dead.
You hit the gnoll sergeant. You freeze the gnoll sergeant.
You barely miss the centaur warrior.
You feel sick. The centaur warrior misses you. You furiously retaliate!
You headbutt the centaur warrior!
The centaur warrior kicks you but does no damage.
The hornet stings you but does no damage.
The gnoll sergeant hits you with a +0 spear of venom.
* * * LOW HITPOINT WARNING * * *
The centaur warrior barely misses you. You furiously retaliate!
You headbutt the centaur warrior. The centaur warrior closely misses you.
You slice the hornet!! You freeze the hornet.
You kill the hornet!
Okawaru accepts your kill.
You slice the centaur warrior!! You freeze the centaur warrior!
You slash the gnoll sergeant! You freeze the gnoll sergeant.
You kill the gnoll sergeant!
Okawaru accepts your kill.
You feel sick. The centaur warrior hits you.
* * * LOW HITPOINT WARNING * * *
The centaur warrior barely misses you.
The howler monkey hoots and howls with incredible vigour!
An orc wizard comes into view.
It is wielding a +0 dagger and wearing a +0 robe of positive energy.
You hear a howl!
Unknown command.
You gain the combat prowess of a mighty hero.
You feel sick. The killer bee barely misses you. The wyvern bites you!
* * * LOW HITPOINT WARNING * * *
The centaur warrior misses you.
The centaur warrior kicks you but does no damage.
The killer bee stings you but does no damage.
The wyvern bites you!
You die...

..........#.....#
..
..........#.....# .
#######.###.....#.#
# ###.....###.####
# #............. #
#.####..####. # +.
###..### # #......#
###+# #....@c#
...... #..####lyh.#
...... #.. #coZ.#
...... ((. oy.##..
....<. ![ ...# ..#
##...# o.?$# .#
#### ..[)# # ......


You could see a centaur warrior, an orc warrior, a wyvern, a vampire mosquito, a
centaur, a howler monkey, a killer bee, 2 orc wizards and a centaur zombie.

Vanquished Creatures
  Pikel (D:6)
  Grinder (D:6)
  2 hornets (D:8)
  Sigmund (D:5)
  4 yaks (D:5)
  A wraith (D:7)
  A wyvern (D:5)
  Eustachio (D:6)
  Edmund (D:5)
  A water moccasin (D:5)
  4 necrophages (D:8)
  2 black bears
  2 ice beasts (D:4)
  An ogre (D:6)
  2 centaurs
  2 lemures (D:6)
  A kobold brigand (D:6)
  A wyvern zombie (D:7)
  4 scorpions
  A gnoll sergeant (D:8)
  9 wights
  2 howler monkeys
  2 centaur zombies
  A bullfrog skeleton (D:6)
  3 hounds
  2 jellies
  5 orc priests
  Crazy Yiuf (D:5)
  A centaur skeleton (D:4)
  5 iguanas
  Jessica (D:2)
  A gnoll shaman (D:7)
  Terence (D:2)
  Natasha (thrice) (D:2)
  10 orc wizards
  A killer bee zombie (D:6)
  2 hound skeletons
  Robin (D:2)
  2 mummies (D:8)
  3 gnolls (D:7)
  3 adders
  3 shadow imps
  A white imp (D:7)
  An ufetubus (D:6)
  3 worms
  3 dart slugs
  23 orcs
  5 endoplasms
  2 giant cockroaches
  11 goblins
  11 hobgoblins
  2 quokkas
  3 ball pythons
  7 bats
  3 frilled lizards
  13 kobolds
  4 rats
188 creatures vanquished.

Vanquished Creatures (others)
  11 plants (D:4)
11 creatures vanquished.

Grand Total: 199 creatures vanquished

Notes
Turn   | Place    | Note
-------+----------+-------------------------------------------
     0 | D:1      | acemry the Minotaur Fighter began the quest for the Orb.
     0 | D:1      | Reached XP level 1. HP: 19/19 MP: 0/0
    62 | D:1      | Found Nohak's General Store.
   109 | D:1      | Reached skill level 3 in Axes
   279 | D:1      | Reached XP level 2. HP: 25/26 MP: 1/1
  1037 | D:2      | Reached skill level 4 in Axes
  1125 | D:2      | Noticed Terence
  1137 | D:2      | Killed Terence
  1138 | D:2      | Reached XP level 3. HP: 9/31 MP: 2/2
  1142 | D:2      | Noticed Jessica
  1368 | D:2      | Killed Jessica
  1369 | D:2      | Reached skill level 5 in Axes
  1369 | D:2      | Reached XP level 4. HP: 39/39 MP: 3/3
  1381 | D:2      | Noticed Robin
  1403 | D:2      | Killed Robin
  1658 | D:2      | Reached skill level 1 in Dodging
  1717 | D:2      | Noticed Natasha
  1723 | D:2      | Killed Natasha
  1724 | D:2      | Reached skill level 6 in Axes
  1849 | D:2      | Noticed Natasha
  1858 | D:2      | Killed Natasha
  1859 | D:2      | Reached XP level 5. HP: 29/45 MP: 4/4
  1895 | D:2      | Noticed Natasha
  1908 | D:2      | Killed Natasha
  2853 | D:3      | Found a stormy altar of Qazlal.
  2951 | D:3      | Reached skill level 7 in Axes
  3252 | D:4      | Noticed a centaur
  3258 | D:4      | Killed a centaur
  3259 | D:4      | Reached XP level 6. HP: 7/51 MP: 5/5
  3554 | D:4      | Found a hide-covered altar of Uskayaw.
  3697 | D:4      | Found a blossoming altar of Fedhas.
  3774 | D:4      | Reached skill level 8 in Axes
  3819 | D:4      | Noticed an ice beast
  3828 | D:4      | Killed an ice beast
  4046 | D:4      | Found a bloodstained altar of Trog.
  4100 | D:4      | Reached XP level 7. HP: 47/57 MP: 6/6
  4195 | D:4      | Found Boqop's General Store.
  4204 | D:4      | Reached skill level 9 in Axes
  4214 | D:4      | Bought a potion of mutation for 96 gold pieces
  4214 | D:4      | Gained mutation: You are resistant to electric shocks.
                  | (rElec) [potion of mutation]
  4239 | D:4      | Found a staircase to the Ecumenical Temple.
  4250 | Temple   | Entered the Ecumenical Temple
  4514 | Temple   | Became a worshipper of Warmaster Okawaru
  4965 | D:5      | Entered Level 5 of the Dungeon
  4982 | D:5      | Noticed Edmund
  4990 | D:5      | Killed Edmund
  4991 | D:5      | Reached skill level 10 in Axes
  5039 | D:5      | Noticed Sigmund
  5047 | D:5      | Killed Sigmund
  5166 | D:5      | Reached XP level 8. HP: 64/64 MP: 7/7
  5182 | D:5      | Reached skill level 11 in Axes
  5207 | D:5      | Reached * piety under Okawaru
  5208 | D:5      | Reached skill level 12 in Axes
  5214 | D:5      | HP: 2/64 [yak (13)]
  5654 | D:5      | Found an ornate altar of the Wu Jian Council.
  6084 | D:5      | Reached skill level 13 in Axes
  6201 | D:5      | Reached XP level 9. HP: 70/70 MP: 8/8
  6218 | D:5      | Found a runed translucent door.
  6219 | D:5      | Noticed Crazy Yiuf
  6261 | D:5      | Killed Crazy Yiuf
  6327 | D:6      | Found Puuw's Armour Boutique.
  6333 | D:6      | Bought a +0 buckler for 58 gold pieces
  6397 | D:6      | Noticed Grinder
  6401 | D:6      | Paralysed by Grinder for 5 turns
  6410 | D:6      | Killed Grinder
  6410 | D:6      | Reached ** piety under Okawaru
  6755 | D:6      | Reached skill level 14 in Axes
  6830 | D:6      | Noticed Eustachio
  6863 | D:6      | Killed Eustachio
  6988 | D:6      | Found a snail-covered altar of Cheibriados.
  7099 | D:6      | Noticed Pikel
  7119 | D:6      | Killed Pikel
  7119 | D:6      | Reached *** piety under Okawaru
  7120 | D:6      | Reached skill level 15 in Axes
  7726 | D:7      | Found a sacrificial altar of Ru.
  7917 | D:7      | Reached XP level 10. HP: 49/74 MP: 9/9
  8078 | D:7      | Found a shadowy altar of Dithmenos.
  8778 | D:7      | Reached skill level 16 in Axes
  9062 | D:7      | Found an ancient bone altar of Kikubaaqudgha.
  9131 | D:8      | Paralysed by a hornet for 2 turns
  9138 | D:8      | HP: 5/108 [hornet (3)]
  9143 | D:8      | Reached **** piety under Okawaru
  9738 | D:8      | Noticed a centaur warrior
  9747 | D:8      | HP: 2/77 [wyvern (7)]
  9747 | D:8      | Mangled by a wyvern

Illustrated notes

Levels and vault maps discovered:
D:1:      minmay_arrival_five_plusses, layout_basic, serial_curves,
          eino_curves_01, eino_curves_03, eino_curves_02, eino_curves_03,
          serial_shops, nicolae_shop_stone
D:2:      layout_loops_corners, uniq_terence, uniq_jessica, uniq_natasha,
          uniq_robin
D:3:      layout_loops_ring, grunt_qazlal_clouds
D:4:      layout_gridville, marbit_many_paths, mainiacjoe_overflow_catwalk,
          fedhas_altar_decomposition, minmay_temple_entry_proselytizer,
          serial_shops, shop
D:5:      layout_loops_cross, nicolae_overflow_crystal_walls, uniq_sigmund,
          uniq_crazy_yiuf_cottage, uniq_edmund
D:6:      layout_rooms, mainiacjoe_overflow_six_doors_small, serial_shops,
          kennysheep_little_box, uniq_pikel, uniq_eustachio, uniq_grinder
D:7:      layout_basic, mainiacjoe_overflow_alcove_4,
          mainiacjoe_overflow_brackets, mainiacjoe_overflow_alcove_1,
          amcnicky_mini_rare_corridor_liquid, nrook_campfire
D:8:      minmay_bloctagon, layout_gridville, serial_undead, serial_undead_b,
          serial_undead_a, serial_undead_f, serial_undead_d,
          kennysheep_generic_room_10, uniq_grum
Temple:   nicolae_temple_figure_zero

Skill      XL: |  1  2  3  4  5  6  7  8  9 10 |
---------------+-------------------------------+-----
Axes           | 3 4 5 6 7 8 10 13 15 16 | 16.7
Dodging        | 1 2 3 |  3.9
Shields        | 4 |  4.0
Fighting       | |  3.6
Armour         | |  3.6

Action                   |  1- 3 |  4- 6 |  7- 9 | 10-12 || total
-------------------------+-------+-------+-------+-------++-------
Melee: War axe           |    29 |   146 |   227 |       ||   402
       Headbutt          |     7 |    22 |    43 |     9 ||    81
       Battleaxe         |       |       |    28 |    81 ||   109
Invok: Heroism           |       |       |       |     1 ||     1
  Use: Potion            |     1 |       |     5 |     4 ||    10
       Scroll            |       |     7 |     3 |     1 ||    11
 Stab: Invisible         |       |       |       |     1 ||     1
Armor: Scale mail        |     8 |    73 |    73 |    51 ||   205
       Skin              |       |       |       |    11 ||    11
Dodge: Dodged            |    19 |    74 |   105 |    55 ||   253
Block: Buckler           |       |       |    20 |       ||    20
